 Dungeon Crawl Stone Soup version 0.29.0-5-ge4962eb29e (webtiles) character file.

Game seed: 1834216759633590026

1557 Godmorgon the Cleaver (level 8, -3/69 HPs)
             Began as a Palentonga Fighter on Aug 28, 2022.
             Slain by a yak (7 damage)
             ... on level 5 of the Dungeon.
             The game lasted 00:15:40 (5420 turns).

Godmorgon the Cleaver (Palentonga Fighter)          Turns: 5420, Time: 00:15:41

Health: -3/69      AC: 13    Str: 24    XL:     8   Next: 58%
Magic:  8/8        EV:  7    Int:  9    God:
Gold:   145        SH:  4    Dex:  9    Spells: 7/7 levels left

rFire   . . .      SeeInvis +   a - +0 war axe
rCold   . . .      Faith    .   c - +0 buckler
rNeg    . . .      Spirit   .   b - +0 scale mail
rPois   +          Reflect  .   (no helmet)
rElec   .          Harm     .   (no cloak)
rCorr   +          Rampage  .   (no gloves)
Will    .....                   (no barding)
Stlth   ..........              (no amulet)
HPRegen 0.21/turn               B - ring of poison resistance
MPRegen 0.11/turn               s - ring of resist corrosion

@: curled up
A: large, rugged brown scales 3, see invisible, deformed body, roll 1, armoured
tail, reflexive curl
a: Rolling Charge


You were on level 5 of the Dungeon.
You visited 1 branch of the dungeon, and saw 6 of its levels.

You collected 307 gold pieces.
You spent 162 gold pieces at shops.

Inventory:

Hand Weapons
 a - a +0 war axe (weapon)
 w - the +2 mace "Dopsaver" {chaos, rC+ Dex+3 SInv Stlth+}
   (You found it on level 4 of the Dungeon)

   Each time it hits an enemy it has a different, random effect.
   Dex:       It affects your dexterity (+3).
   rC:        It protects you from cold.
   SInv:      It lets you see invisible.
   Stlth:     It makes you more stealthy.
Missiles
 q - 2 atropa-tipped darts
Armour
 b - a +0 scale mail (worn)
 c - a +0 buckler (worn)
Jewellery
 n - a ring of fire
 s - a ring of resist corrosion (right hand)
 B - a ring of poison resistance (left hand)
Scrolls
 e - 3 scrolls of silence
 f - 3 scrolls of enchant armour
 h - 2 scrolls of enchant weapon
 k - 3 scrolls of teleportation
 l - a scroll of poison {unknown}
 m - a scroll of torment
 o - a scroll of immolation {unknown}
 u - a scroll of summoning {unknown}
 v - a scroll of noise {unknown}
 y - a scroll of fear {unknown}
 A - a scroll of vulnerability {unknown}
Potions
 d - a potion of might
 g - 3 potions of curing
 i - a potion of degeneration {unknown}
 j - a potion of flight
 p - a potion of mutation
 r - 2 potions of heal wounds {unknown}
 t - a potion of berserk rage {unknown}
 x - a potion of lignification {unknown}
 z - a potion of invisibility {unknown}
 C - a potion of resistance {unknown}


   Skills:
 + Level 6.9 Fighting
 * Level 9.1 Axes
 - Level 2.4 Armour
 - Level 2.6 Shields


You had 7 spell levels left.
You didn't know any spells.
Your spell library was empty.

Dungeon Overview and Level Annotations

Branches:
Dungeon (6/15)
 Temple: D:4-7

Altars:
Wu Jian

Shops:
D:4 =   D:5 (:?((


Innate Abilities, Weirdness & Mutations

You are completely covered in rugged brown scales. (AC +3, +7% HP)
You have supernaturally acute eyesight. (SInv)
Armour fits poorly on your strangely shaped body.
You can roll at nearby foes to attack.
You have a long armoured tail.
You curl defensively after being hit. (AC +7*)


Message History

The yak is heavily wounded.
The yak gores you!
You slash the yak!
The yak is severely wounded.
The yak gores you! The yak barely misses you.
You barely miss the yak.
The yak is severely wounded.
The yak gores you!
* * * LOW HITPOINT WARNING * * *
You hit the yak. You tail-slap the yak.
You kill the yak!
Your Axes skill increases to level 9!
You start resting.
HP restored.
Okay, then.
Okay, then.
You climb downwards.
The yak gores you! x2
There is a stone staircase leading up, spattered with blood here.
The yak gores you!
You climb upwards.
There is a stone staircase leading down, spattered with blood here.
You barely miss the yak. The yak gores you!
You slash the yak!
The yak is moderately wounded.
The yak gores you!
You hit the yak. You tail-slap the yak!
The yak is severely wounded.
The yak barely misses you.
You barely miss the yak.
The yak is severely wounded.
The yak gores you!
* * * LOW HITPOINT WARNING * * *
You hit the yak but do no damage. You tail-slap the yak.
The yak is severely wounded.
The yak gores you.
* * * LOW HITPOINT WARNING * * *
You hit the yak but do no damage.
The yak is severely wounded.
The yak gores you!
You die...

.................# ###.###
#.##############.######.....# #.#
#.....##.#.#.##### #.#
#.###............. #.# #.#
#.P..~...P.... #.# #.#
#.P..~~......# #.# ##### #.#
#..P..≈~~..P.. #.# ##...##
#Y###....~~~~~.... #.####....)##
#@÷.#...~~~≈≈~~...
#...#.......####+#.#.~~~≈~≈≈~~~..
#.#.....∩............~≈≈~≈≈~≈~~..
#.###.†...........##..~~≈≈≈≈≈~...
#.# ##.....#......##...~~≈≈~~~P..
#.# ##...##......'.....~≈~)...P.
#.# #####.......##............#
#.# #.......#####...#######
#.#### ######.## #...##.).##


You could see a yak.

Vanquished Creatures
  Grinder (D:5)
  4 yaks (D:5)
  A water moccasin (D:5)
  2 ogres
  A bullfrog (D:5)
  A necrophage (D:4)
  4 hounds
  A jelly (D:3)
  An iguana (D:5)
  An orc wizard (D:4)
  10 adders
  A white imp (D:5)
  A worm (D:2)
  3 dart slugs
  10 orcs
  6 ball pythons
  8 endoplasms
  A giant cockroach (D:2)
  4 goblins
  5 hobgoblins
  9 kobolds
  3 quokkas
  5 bats
  4 frilled lizards
  4 rats
91 creatures vanquished.

Vanquished Creatures (others)
  11 plants (D:5)
11 creatures vanquished.

Grand Total: 102 creatures vanquished

Notes
Turn   | Place    | Note
-------+----------+-------------------------------------------
     0 | D:1      | Godmorgon the Palentonga Fighter began the quest for the
                  | Orb.
     0 | D:1      | Reached XP level 1. HP: 19/19 MP: 1/1
   122 | D:1      | Reached XP level 2. HP: 25/25 MP: 2/2
   531 | D:1      | Reached skill level 3 in Axes
   541 | D:1      | Found a faded altar of an unknown god.
   731 | D:2      | Reached XP level 3. HP: 26/31 MP: 3/3
  1236 | D:3      | Reached XP level 4. HP: 19/39 MP: 4/4
  1486 | D:3      | Reached skill level 4 in Axes
  1510 | D:3      | Identified the +1 robe of the Cockatrice {Regen+ MP+9}
  1959 | D:4      | Identified the +2 mace "Dopsaver" {chaos, rC+ Dex+3 SInv
                  | Stlth+}
  2010 | D:4      | Found Jito Cem's Jewellery Shop.
  2129 | D:4      | Noticed a necrophage
  2149 | D:4      | Killed a necrophage
  2150 | D:4      | Reached XP level 5. HP: 18/44 MP: 5/5
  2333 | D:4      | Noticed an ogre
  2505 | D:4      | Reached skill level 5 in Axes
  2507 | D:4      | Killed an ogre
  2508 | D:4      | Reached XP level 6. HP: 16/52 MP: 6/6
  2948 | D:5      | Entered Level 5 of the Dungeon
  3211 | D:5      | Found Wolac's Magic Scroll Boutique.
  3219 | D:5      | Bought a scroll of identify for 26 gold pieces
  3219 | D:5      | Bought a scroll of enchant armour for 97 gold pieces
  3219 | D:5      | Bought a scroll of teleportation for 39 gold pieces
  3268 | D:5      | Found Ikoxays's Weapon Boutique.
  3444 | D:5      | Reached skill level 6 in Axes
  3459 | D:5      | Reached skill level 5 in Fighting
  3693 | D:5      | Found Nowyliwy's Weapon Shoppe.
  3703 | D:5      | Found Orijeyro's Book Shop.
  3729 | D:5      | Found an ornate altar of the Wu Jian Council.
  3775 | D:5      | Noticed Grinder
  3776 | D:5      | Noticed a water moccasin
  3793 | D:5      | Killed a water moccasin
  3794 | D:5      | Gained mutation: You curl defensively after being hit. (AC
                  | +7*) [Palentonga growth]
  3794 | D:5      | Reached XP level 7. HP: 58/59 MP: 7/7
  3796 | D:5      | Paralysed by Grinder for 5 turns
  3803 | D:5      | Killed Grinder
  3804 | D:5      | Reached skill level 7 in Axes
  4048 | D:5      | Found Anon's Antique Weapon Shoppe.
  4563 | D:6      | Noticed a yak
  4578 | D:5      | Killed a yak
  4579 | D:5      | Reached skill level 8 in Axes
  4579 | D:5      | Reached XP level 8. HP: 19/68 MP: 8/8
  5152 | D:5      | Reached skill level 9 in Axes
  5420 | D:5      | Slain by a yak

Illustrated notes

Levels and vault maps discovered:
D:1:      erik_arrival_triangle_huge, layout_basic,
          shapermc_ecumenical_altar_mp_urbaneastern
D:2:      layout_rooms
D:3:      layout_basic
D:4:      layout_rooms, minmay_shop_enchanted_jewellery
D:5:      layout_basic, nicolae_wu_jian_wuxing_cycle, serial_shops,
          nicolae_shop_trees, shop, nicolae_take_the_stairs, shop,
          nicolae_shop_bloodbath_and_beyond, guppyfry_early_lair_pool,
          uniq_grinder
D:6:      layout_basic, kennysheep_little_box, minitemple,
          overflow_temple_1_default, ebering_ghost_sewer_f

Skill      XL: |  1  2  3  4  5  6  7  8 |
---------------+-------------------------+-----
Axes           | 3 4 5 6 8 9 |  9.1
Fighting       | 4 5 6 |  6.9
Armour         | |  2.4
Shields        | |  2.6

Action                   |  1- 3 |  4- 6 |  7- 9 || total
-------------------------+-------+-------+-------++-------
Melee: War axe           |    59 |   132 |    63 ||   254
       Tailslap          |     4 |    12 |    12 ||    28
 Abil: Rolling Charge    |    34 |    35 |     5 ||    74
  Use: Potion            |       |     3 |       ||     3
       Scroll            |       |     7 |       ||     7
 Stab: Sleeping          |       |       |     1 ||     1
Armor: Scale mail        |    17 |    41 |    11 ||    69
Dodge: Dodged            |    10 |    50 |    13 ||    73
Block: Buckler           |     4 |    18 |    11 ||    33
